 Dungeon Crawl Stone Soup version 0.29-a0-529-gfa20dd96a1 (webtiles) character file.

Game seed: 11794002637276776154

196 pokeman the Magician (level 5, -9/29 HPs)
             Began as a Deep Elf Hedge Wizard on June 1, 2022.
             Killed by divine providence
             ... invoked by an orc priest
              (14 damage)
             ... on level 4 of the Dungeon.
             The game lasted 00:06:25 (3373 turns).

pokeman the Magician (Deep Elf Hedge Wizard)        Turns: 3373, Time: 00:06:26

Health: -9/29      AC:  4    Str:  7    XL:     5   Next: 45%
Magic:  1/15       EV: 13    Int: 21    God:
Gold:   207        SH:  0    Dex: 14    Spells: 5/16 levels left

rFire   . . .      SeeInvis .   g - +0 war axe
rCold   . . .      Faith    .   (no shield)
rNeg    . . .      Spirit   .   b - +0 robe
rPois   .          Reflect  .   c - +0 hat
rElec   .          Harm     .   (no cloak)
rCorr   .          Rampage  .   (no gloves)
Will    .....                   l - +1 pair of boots
Stlth   ++........              (no amulet)
HPRegen 0.09/turn               (no ring)
MPRegen 0.14/turn               (no ring)

@: very slightly contaminated
A: no striking features
a: no special abilities


You were on level 4 of the Dungeon.
You visited 1 branch of the dungeon, and saw 4 of its levels.

You collected 207 gold pieces.

Inventory:

Hand Weapons
 g - a +0 war axe (weapon)
Missiles
 p - a throwing net
Armour
 b - a +0 robe (worn)
 c - a +0 hat (worn)
 l - a +1 pair of boots (worn)
Scrolls
 a - 2 scrolls of magic mapping {unknown}
 h - 4 scrolls of identify {unknown}
 i - a scroll of teleportation {unknown}
 j - a scroll of blinking {unknown}
 k - a scroll of acquirement {unknown}
 q - a scroll of poison {unknown}
Potions
 d - a potion of magic
 e - 3 potions of curing {unknown}
 f - 2 potions of haste {unknown}
 m - 2 potions of heal wounds {unknown}
 n - 3 potions of mutation {unknown}
 o - a potion of invisibility {unknown}
 r - a potion of experience {unknown}


   Skills:
 - Level 1.0 Fighting
 - Level 1.0 Armour
 - Level 3.1 Dodging
 + Level 2.5 Stealth
 * Level 6.3 Spellcasting
 + Level 2.8 Conjurations
 - Level 1.1 Summonings
 - Level 1.1 Translocations
 - Level 1.5 Fire Magic
 + Level 0.2 Air Magic


You had 5 spell levels left.
You knew the following spells:

 Your Spells              Type           Power      Damage    Failure   Level
a - Magic Dart            Conj           72%        1d6       3%          1
b - Mephitic Cloud        Conj/Pois/Air  10%        N/A       19%         3
c - Call Imp              Summ           11%        N/A       9%          2
d - Blink                 Tloc           22%        N/A       9%          2
e - Conjure Flame         Conj/Fire      15%        6-21      12%         3

Your spell library contained the following spells:

 Spells                   Type           Power      Damage    Failure   Level
 Slow                     Hex            24%        N/A       10%         1
 Stone Arrow              Conj/Erth      24%        3d8       16%         3
 Gell's Gravitas          Tloc           11%        N/A       19%         3
 Lesser Beckoning         Tloc           11%        N/A       19%         3
 Teleport Other           Tloc           11%        N/A       19%         3
 Confusing Touch          Hex            6%         N/A       28%         3
 Vampiric Draining        Necr           6%         2d6       28%         3
 Animate Armour           Summ/Erth      16%        N/A       58%         4
 Lehudib's Crystal Spear  Conj/Erth      6%         10d3      100%        8


Dungeon Overview and Level Annotations

Branches:
Dungeon (4/15)
 Temple: D:4-7

Altars:
Dithmenos
Kikubaaqudgha
Sif Muna
Zin

Shops:
D:3 (


Message History

Aiming: Mephitic Cloud (quite dangerous; 19% risk of failure)
Press: ? - help, Shift-Dir - straight line, f/p - orc priest
Aim: an orc priest, wielding a +1 vorpal falchion and wearing a +0 leather armour (moderately wounded, chance to affect: 86%)
The ball explodes into a vile cloud!
The stinking cloud engulfs the orc priest but does no damage.
The orc priest is moderately wounded.
The orc priest is engulfed in noxious fumes.
Unknown command.
Casting: Mephitic Cloud (quite dangerous; 19% risk of failure)
Confirm with . or Enter, or press ? or * to list all spells.
You don't have enough magic to cast this spell.
An orc priest is nearby!
Unknown command.
Which direction?
You close the door.
You close the door.
Casting: Mephitic Cloud (quite dangerous; 19% risk of failure)
Confirm with . or Enter, or press ? or * to list all spells.
The spell is quite dangerous to miscast (19% risk of failure)!
Continue anyway?
Aiming: Mephitic Cloud (quite dangerous; 19% risk of failure)
Press: ? - help, Shift-Dir - straight line, f/p - orc priest
Aim: an orc priest, wielding a +1 vorpal falchion and wearing a +0 leather armour (moderately wounded, chance to affect: 86%)
You miscast Mephitic Cloud.
You are very lightly contaminated with residual magic.
You are caught in a violent explosion.
The orc priest hits you with a +1 vorpal falchion.
You closely miss the orc priest.
The orc priest is moderately wounded.
The orc priest misses you.
You hit the orc priest but do no damage.
The orc priest is moderately wounded.
The orc priest looks encouraged for a moment.
The orc priest mumbles some strange prayers to Beogh against you.
Beogh smites you!
* * * LOW HITPOINT WARNING * * *
The orc priest attacks as you move away!
The orc priest barely misses you.
The orc priest mumbles some strange prayers to Beogh against you.
Beogh smites you!
You die...

#.#...##.#
##############.#.#.##.#
........)......#.#.##'###
######.)##.)###..#.......
###'###'###+###......
#..#.......# #......
###..#.......# #...###
#.'..+###+###'..'......
....#..#@+...+ ..#...###
....#..#.#)o.# #..#......
....'##'o#)_.# '# '.#####
....#..#.#...# #......
#..#..#.'...'. #######
....'. '###'###' +......
....#..# .... . #.#....
#...#..#. ... #.#....
#... ##'###'###+###......


You could see an orc priest.

Vanquished Creatures
  A black bear (D:4)
  4 adders
  2 worms (D:2)
  2 dart slugs (D:1)
  4 orcs
  3 endoplasms
  3 giant cockroaches (D:1)
  7 goblins
  2 hobgoblins
  2 jackals (D:4)
  4 quokkas
  7 ball pythons
  6 bats
  2 frilled lizards
  6 kobolds
  2 rats
57 creatures vanquished.

Notes
Turn   | Place    | Note
-------+----------+-------------------------------------------
     0 | D:1      | pokeman the Deep Elf Hedge Wizard began the quest for the
                  | Orb.
     0 | D:1      | Reached XP level 1. HP: 10/10 MP: 7/7
   272 | D:1      | Reached XP level 2. HP: 3/15 MP: 1/9
   839 | D:1      | Reached skill level 5 in Spellcasting
  1059 | D:2      | Reached XP level 3. HP: 12/20 MP: 2/11
  1063 | D:2      | Learned a level 3 spell: Mephitic Cloud
  1066 | D:2      | Learned a level 2 spell: Call Imp
  1069 | D:2      | Learned a level 2 spell: Blink
  1073 | D:2      | Learned a level 3 spell: Conjure Flame
  1304 | D:2      | Identified the +0 ring mail "Quufiseibirph" {Str+5}
  1828 | D:2      | Reached skill level 1 in Fighting
  1828 | D:2      | Reached skill level 1 in Armour
  2286 | D:3      | Reached XP level 4. HP: 25/25 MP: 6/13
  2335 | D:3      | Found Zumec's Antique Weapon Emporium.
  2391 | D:3      | Found an ancient bone altar of Kikubaaqudgha.
  2832 | D:4      | Found a glowing silver altar of Zin.
  2904 | D:4      | Noticed a black bear
  2920 | D:4      | Killed a black bear
  2921 | D:4      | Reached skill level 6 in Spellcasting
  2921 | D:4      | Reached skill level 1 in Fire Magic
  2921 | D:4      | Reached XP level 5. HP: 25/29 MP: 8/15
  3145 | D:4      | Found a shadowy altar of Dithmenos.
  3349 | D:4      | Found a shimmering blue altar of Sif Muna.
  3373 | D:4      | Killed from afar by an orc priest

Illustrated notes

Levels and vault maps discovered:
D:1:      erik_arrival_blinker_ship, layout_rooms, grunt_decor_arrowhead
D:2:      wander_river, layout_loops_cross
D:3:      layout_basic, mainiacjoe_overflow_tiny_flanked, serial_shops,
          nicolae_shop_overgrown_old_shop, minmay_misc_feat_four_crosses
D:4:      layout_basic, nicolae_dithmenos_shadow_blocks,
          mainiacjoe_overflow_small_starburst, mainiacjoe_overflow_24_doors

Skill      XL: |  1  2  3  4 |
---------------+-------------+-----
Spellcasting   | 5 6 |  6.3
Fighting       | 1 |  1.0
Armour         | 1 |  1.0
Conjurations   | 2 |  2.8
Dodging        | 3 |  3.1
Fire Magic     | 1 |  1.5
Stealth        | |  2.5
Summonings     | |  1.1
Translocations | |  1.1
Air Magic      | |  0.2

Action                   |  1- 3 |  4- 6 || total
-------------------------+-------+-------++-------
Melee: Dagger            |     8 |       ||     8
       Punch             |     1 |       ||     1
       War axe           |     4 |     4 ||     8
 Cast: Magic Dart        |    87 |    50 ||   137
       Mephitic Cloud    |     5 |     1 ||     6
       Conjure Flame     |       |     2 ||     2
 Stab: Sleeping          |     1 |       ||     1
Armor: Robe              |     4 |     3 ||     7
Dodge: Dodged            |    15 |     7 ||    22

Table legend: (Time is in decaauts)
 A = Elapsed time spent in this place.
 B = Non-inter-level travel time spent in this place.
 C = Inter-level travel time spent in this place.
 D = Time resting spent in this place.
 E = Time spent auto-exploring this place.
 F = Levels seen in this place.
 G = Mean time per level.
                   A        B        C        D        E       F      G
               +--------+--------+--------+--------+--------+-----+--------+
         Total |   3401 |   3335 |     66 |     91 |   2831 |   4 |  850.2 |
       Dungeon |   3401 |   3335 |     66 |     91 |   2831 |   4 |  850.2 |
               +--------+--------+--------+--------+--------+-----+--------+

Top non-repeatable levels by time:
     D:2: 1188 daAuts
     D:1: 1008 daAuts
     D:4: 645 daAuts
     D:3: 558 daAuts
